 Dungeon Crawl Stone Soup version 0.27.1 (webtiles) character file.

Game seed: 5918802085325697304

1245 Kala the Ruffian (level 8, 0/72 HPs)
             Began as a Troll Transmuter on Sept 1, 2021.
             Was a Priest of Yredelemnul.
             Killed from afar by Pikel (6 damage)
             ... with a puff of flame
             ... on level 5 of the Dungeon.
             The game lasted 00:32:48 (4257 turns).

Kala the Ruffian (Troll Transmuter)                 Turns: 4257, Time: 00:32:49

Health: 0/72       AC:  6    Str: 19    XL:     8   Next: 25%
Magic:  11/11      EV: 11    Int: 11    God:    Yredelemnul [***...]
Gold:   163        SH:  0    Dex: 14    Spells: 9/12 levels left

rFire    . . .     SeeInvis .     - Unarmed
rCold    . . .     Faith    .   (no shield)
rNeg     . . .     Spirit   .   p - +2 robe {Will+}
rPois    .         Reflect  .   (helmet restricted)
rElec    .         Harm     .   (no cloak)
rCorr    .         Rampage  .   (gloves unavailable)
Will     +....                  (boots unavailable)
Stlth    ++........             (no amulet)
HPRegen  1.22/turn              b - ring "Cutiped" {Fly Dex+4}
MPRegen  0.12/turn              (no ring)

@: flying
A: large, unfitting armour, claws 3, regeneration 1, shaggy fur 1, tough skin 1
a: Renounce Religion, Recall Undead Slaves, Injury Mirror, Animate Dead


You were on level 5 of the Dungeon.
You worshipped Yredelemnul.
Yredelemnul was most pleased with you.
You visited 1 branch of the dungeon, and saw 5 of its levels.
You also visited: Sewer.

You collected 163 gold pieces.

Inventory:

Missiles
 e - 4 large rocks
 n - 2 datura-tipped darts (quivered)
Armour
 p - a +2 robe of willpower (worn)
Jewellery
 b - the ring "Cutiped" (left claw) {Fly Dex+4}
   (You acquired it on level 2 of the Dungeon)

   [ring of flight]

   Dex:       It affects your dexterity (+4).
   Fly:       It grants you flight.
Wands
 m - a wand of mindburst (7)
Scrolls
 g - a scroll of fog {unknown}
 o - a scroll of enchant weapon {unknown}
 q - 2 scrolls of enchant armour {unknown}
Potions
 a - a potion of ambrosia {unknown}
 c - a potion of resistance {unknown}
 d - a potion of berserk rage {unknown}
 f - 2 potions of lignification {unknown}
 h - 3 potions of degeneration {unknown}
 i - 2 potions of invisibility {unknown}
 j - 3 potions of cancellation {unknown}
 k - 3 potions of heal wounds {unknown}
 l - 2 potions of brilliance {unknown}


   Skills:
 + Level 2.0 Fighting
 + Level 0.6 Throwing
 + Level 3.3 Dodging
 + Level 0.9 Stealth
 + Level 6.4 Unarmed Combat
 + Level 2.7 Spellcasting
 + Level 2.7 Transmutations
 + Level 3.2 Invocations


You had 9 spell levels left.
You knew the following spells:

 Your Spells              Type           Power      Damage    Failure   Level
a - Beastly Appendage     Tmut           14%        N/A       9%          1
b - Wereblood             Tmut           7%         N/A       14%         2

Your spell library contained the following spells:

 Spells                   Type           Power      Damage    Failure   Level
 Pain                     Necr           4%         1d4       26%         1
 Spider Form              Tmut/Pois      2%         N/A       43%         3
 Call Canine Familiar     Summ           1%         N/A       63%         3
 Ozocubu's Armour         Ice            1%         N/A       63%         3
 Portal Projectile        Hex/Tloc       2%         N/A       63%         3
 Ice Form                 Ice/Tmut       4%         N/A       83%         4
 Leda's Liquefaction      Hex/Erth       0%         N/A       95%         4
 Agony                    Necr           1%         N/A       100%        5
 Excruciating Wounds      Necr           0%         N/A       100%        5
 Ozocubu's Refrigeration  Ice            0%         4d5       100%        7


Dungeon Overview and Level Annotations

Branches:
Dungeon (5/15)              Sewer (visited)
 Temple: D:4-7

Altars:
Cheibriados
Makhleb
Qazlal
Wu Jian
Yredelemnul

Annotations:
D:5 Pikel


Innate Abilities, Weirdness & Mutations

You are too large for most types of armour.
You have claws for hands.
Your natural rate of healing is unusually fast.
You are covered in fur. (AC +1)
You have tough skin. (AC +1)


Message History

Pikel is moderately wounded.
Pikel barely misses you.
You scratch Pikel but do no damage. You claw Pikel, but do no damage.
Pikel is moderately wounded.
Pikel hits you with a +1 whip of freezing.
* * * LOW HITPOINT WARNING * * *
Pikel freezes you.
* * * LOW HITPOINT WARNING * * *
Unknown command.
You claw Pikel! Your kick misses Pikel.
Pikel is severely wounded.
Pikel hits you with a +1 whip of freezing!
* * * LOW HITPOINT WARNING * * *
Pikel freezes you.
* * * LOW HITPOINT WARNING * * *
Unknown command.
You closely miss Pikel.
Pikel is severely wounded.
Your horns disappear.
Your talons disappear.
Pikel barely misses you.
You scratch Pikel but do no damage.
Pikel is severely wounded.
You closely miss Pikel.
Pikel is severely wounded.
Pikel barely misses you.
You scratch Pikel but do no damage.
Pikel is severely wounded.
Pikel closely misses you.
You claw Pikel! Your claw misses Pikel.
Pikel is almost dead.
Pikel hits you with a +1 whip of freezing.
* * * LOW HITPOINT WARNING * * *
Pikel freezes you.
* * * LOW HITPOINT WARNING * * *
Unknown command.
You scratch Pikel but do no damage.
Pikel is almost dead.
Pikel zaps a wand.
The puff of flame hits you.
You die...
Your body rises from the dead as a mindless zombie.

####################
+.......)...........
#..>................
#..........@........
#........###K###...
#........##...##..
#.........!........
#.....$............
#..............$....
+...................
#........##...##....
#........##...# ....


You could see Pikel.

Vanquished Creatures
  Grinder (D:4)
  Sigmund (D:3)
  Eustachio (D:4)
  Menkaure (D:4)
  Purgy (D:3)
  An ogre (D:4)
  A black bear (D:4)
  3 lemures (D:5)
  A wyvern zombie (D:3)
  A hound (D:4)
  Terence (D:2)
  Jessica (D:3)
  Ijyb (D:3)
  A mummy (D:4)
  Robin (D:2)
  4 gnolls (D:2)
  8 adders
  A white imp (D:3)
  An ufetubus (D:3)
  2 dart slugs
  2 orcs (D:4)
  9 bats
  8 endoplasms
  4 giant cockroaches
  8 hobgoblins
  7 jackals
  2 kobolds
  2 quokkas (D:1)
  8 ball pythons
  7 frilled lizards
  10 goblins
  9 rats
109 creatures vanquished.

Vanquished Creatures (collateral kills)
  An adder (D:4)
  A bat zombie (D:3)
  An endoplasm (D:3)
  2 goblins (D:2)
  2 frilled lizards (Sewer)
  A jackal zombie (D:3)
  3 rats
11 creatures vanquished.

Vanquished Creatures (others)
  An adder zombie (D:3)
  A frilled lizard zombie (Sewer)
  A goblin zombie (D:2)
  A jackal zombie (D:3)
  An orc zombie (D:4)
  5 plants (D:1)
10 creatures vanquished.

Grand Total: 130 creatures vanquished

Notes
Turn   | Place    | Note
-------+----------+-------------------------------------------
     0 | D:1      | Kala the Troll Transmuter began the quest for the Orb.
     0 | D:1      | Reached XP level 1. HP: 18/18 MP: 1/1
    98 | D:1      | Reached XP level 2. HP: 25/26 MP: 0/3
   102 | D:1      | Learned a level 2 spell: Wereblood
   163 | D:1      | Found a faded altar of an unknown god.
   172 | D:1      | Became a worshipper of Yredelemnul the Dark
   172 | D:1      | Reached * piety under Yredelemnul
   679 | D:1      | Reached XP level 3. HP: 30/32 MP: 2/4
  1147 | D:2      | Identified a scroll of acquirement
  1147 | D:2      | Acquired the ring "Cutiped" {Fly Dex+4}
  1163 | D:2      | Reached XP level 4. HP: 21/40 MP: 5/5
  1166 | D:2      | Reached skill level 1 in Invocations
  1291 | D:2      | Reached skill level 4 in Unarmed Combat
  1323 | D:2      | Reached ** piety under Yredelemnul
  1574 | D:2      | Noticed Robin
  1579 | D:2      | Killed Robin
  1748 | D:2      | Noticed Terence
  1757 | D:2      | Killed Terence
  1758 | D:2      | Reached skill level 1 in Fighting
  1758 | D:2      | Reached XP level 5. HP: 31/48 MP: 4/6
  2121 | D:3      | Noticed Purgy
  2130 | D:3      | Killed Purgy
  2131 | D:3      | Reached skill level 5 in Unarmed Combat
  2131 | D:3      | Reached XP level 6. HP: 46/55 MP: 1/7
  2245 | D:3      | Noticed Ijyb
  2253 | D:3      | Killed Ijyb
  2471 | D:3      | Noticed Jessica
  2479 | D:3      | Killed Jessica
  2539 | D:3      | Found a stormy altar of Qazlal.
  2544 | D:3      | Noticed a water elemental
  2544 | D:3      | Noticed an air elemental
  2544 | D:3      | Noticed a fire elemental
  2545 | D:3      | Noticed Sigmund
  2556 | D:3      | Killed Sigmund
  2557 | D:3      | Reached XP level 7. HP: 59/62 MP: 7/9
  2726 | D:4      | Found a snail-covered altar of Cheibriados.
  2726 | D:4      | Noticed Eustachio
  2750 | D:4      | Killed Eustachio
  2819 | D:4      | Reached *** piety under Yredelemnul
  2906 | D:4      | Noticed Grinder
  2914 | D:4      | Killed Grinder
  2915 | D:4      | Reached skill level 6 in Unarmed Combat
  3068 | D:4      | Noticed Menkaure
  3075 | D:4      | Killed Menkaure
  3076 | D:4      | Reached XP level 8. HP: 32/72 MP: 6/10
  3267 | D:4      | Found an ornate altar of the Wu Jian Council.
  3462 | D:4      | Found a glowing drain.
  3477 | Sewer    | Entered a sewer
  4152 | D:4      | Found a burning altar of Makhleb.
  4154 | D:4      | Noticed a blizzard demon
  4203 | D:5      | Entered Level 5 of the Dungeon
  4205 | D:5      | Noticed Pikel
  4251 | D:5      | HP: 3/72 [Pikel (3)]
  4257 | D:5      | Killed from afar by Pikel

Illustrated notes

Levels and vault maps discovered:
D:1:      dpeg_arrival_snail, layout_basic, chequers_ecumenical_altar_simple,
          st_stairs_1, serial_bayou_crossing
D:2:      layout_basic, chequers_jeans, kennysheep_minor_cross,
          hangedman_decor_opposing, minmay_misc_feat_nine_boxes, uniq_robin,
          uniq_terence
D:3:      layout_rooms, nicolae_qazlal_style_of_elements,
          minmay_misc_feat_alley, uniq_purgy, uniq_sigmund, uniq_jessica,
          uniq_ijyb
D:4:      layout_loops_cross, makhleb_altar_promises_db,
          nzn_wu_jian_council_hall, slow_altar_1, portal_sewer_entry_d,
          uniq_menkaure, uniq_eustachio, uniq_grinder
D:5:      layout_gridville, minmay_misc_feat_cross, minmay_manual_mail,
          uniq_pikel

Skill      XL: |  1  2  3  4  5  6  7 |
---------------+----------------------+-----
Invocations    | 1 2 3 |  3.2
Unarmed Combat | 4 5 6 |  6.4
Fighting       | 1 2 |  2.0
Dodging        | 2 3 |  3.3
Transmutations | 2 |  2.7
Spellcasting   | 2 |  2.7
Throwing       | |  0.6
Stealth        | |  0.9

Action                   |  1- 3 |  4- 6 |  7- 9 || total
-------------------------+-------+-------+-------++-------
Melee: Unarmed           |    64 |    88 |   119 ||   271
       Kick              |     6 |    17 |    32 ||    55
       Headbutt          |     6 |    10 |    16 ||    32
       Punch             |       |     2 |     2 ||     4
Throw: Dart              |       |     3 |       ||     3
 Cast: Beastly Appendage |    14 |    14 |    22 ||    50
       Wereblood         |       |     1 |       ||     1
Invok: Animate Remains   |     9 |    19 |     3 ||    31
       Animate Dead      |       |       |    14 ||    14
  Use: Scroll            |     1 |       |     7 ||     8
 Stab: Sleeping          |       |       |     4 ||     4
Armor: Robe              |    23 |    24 |    62 ||   109
Dodge: Dodged            |    42 |    46 |   101 ||   189
